 Dungeon Crawl Stone Soup version 0.25-a0-464-g3004169 (webtiles) character file.

Game seed: 10127511068049950717, levelgen mode: deterministic

7 Ryuginald the Caller (level 1, -1/14 HPs)
             Began as a Demigod Summoner on Feb 3, 2020.
             Slain by a rat (3 damage)
             ... on level 1 of the Dungeon.
             The game lasted 00:07:59 (343 turns).

Ryuginald the Caller (Demigod Summoner)              Turns: 343, Time: 00:08:00

Health: -1/14      AC:  2    Str: 11    XL:     1   Next: 66%
Magic:  5/5        EV: 13    Int: 19    God:
Gold:   11         SH:  0    Dex: 16    Spells: 2/3 levels left

rFire    . . .     SeeInvis .   (no weapon)
rCold    . . .     Gourm    .   (no shield)
rNeg     . . .     Faith    .   a - +0 robe
rPois    .         Spirit   .   (no helmet)
rElec    .         Reflect  .   (no cloak)
rCorr    .         Harm     .   (no gloves)
MR       .....                  (no boots)
Stlth    ++........             (no amulet)
HPRegen  0.04/turn              (no ring)
MPRegen  0.09/turn              (no ring)

@: no status effects
A: high mp 1
a: no special abilities


You were on level 1 of the Dungeon.
You were not hungry.

You visited 1 branch of the dungeon, and saw 1 of its levels.

You collected 11 gold pieces.

Inventory:

Armour
 a - a +0 robe (worn)
Scrolls
 b - a scroll of noise {heal, unknown}
 d - a scroll of teleportation {unknown}
 e - a scroll of identify {unknown}
 f - a scroll of fog {unknown}
Comestibles
 j - 2 rations


   Skills:
 + Level 2.1 Dodging
 + Level 1.7 Stealth
 + Level 1.7 Spellcasting
 + Level 3.8 Summonings


You had 2 spell levels left.
You knew the following spells:

 Your Spells              Type           Power        Failure   Level  Hunger
a - Summon Small Mammal   Summ           ###.         3%          1    #......

Your spell library contained the following spells:

 Spells                   Type           Power        Failure   Level  Hunger
 Call Imp                 Summ           ###.....     5%          2    ###....
 Call Canine Familiar     Summ           ###.....     11%         3    ###....
 Summon Guardian Golem    Hex/Summ       #.......     24%         3    ###....
 Summon Ice Beast         Ice/Summ       #.......     61%         4    #####..
 Summon Lightning Spire   Summ/Air       #.......     61%         4    #####..


Dungeon Overview and Level Annotations

Branches:
Dungeon (1/15)


Innate Abilities, Weirdness & Mutations

You have an increased reservoir of magic. (+10% MP)


Message History

Okay, then.
The kobold hits you.
* * * LOW HITPOINT WARNING * * *
There is a stone staircase leading down, spattered with blood here.
The kobold barely misses you. The rat bites you.
* * * LOW HITPOINT WARNING * * *
The kobold throws a stone.
The stone misses you. The rat bites you but does no damage.
The rat bites you but does no damage. The rat bites you but does no damage.
The rat barely misses you.
You hit the rat.
The rat is moderately wounded.
The rat bites you.
* * * LOW HITPOINT WARNING * * *
You closely miss the rat.
The rat is moderately wounded.
The rat bites you.
You die...

.#............#...# # #.#.#
##............#...#.# #.#.#
#.........##.#.....#.# #.#.#
#.(.......##.........#.#.#.#
######....############.#.#
#....#..........#.#.#
#...............#.#.#
##......####.##.#.#.#
#......Kr@.....#.#.#
#.......#K#...###.#.# ##
#.......#.#..[..)...# <##
#.#######.#..#......# #.# #r
..#..######## #.# #. .......
.## ...###### ## ...... #
..##


You could see 2 kobolds and a rat.

Vanquished Creatures
  A dart slug (D:1)
  2 bats (D:1)
  2 goblins (D:1)
5 creatures vanquished.

Notes
Turn   | Place    | Note
-------+----------+-------------------------------------------
     0 | D:1      | Ryuginald the Demigod Summoner began the quest for the Orb.
     0 | D:1      | Reached XP level 1. HP: 14/14 MP: 5/5
   343 | D:1      | Slain by a rat

Levels and vault maps discovered:
D:1:      dpeg_arrival_solitude, layout_basic, kennysheep_doodads,
          minmay_indecisive_spiral

Skill      XL: |  1 |
---------------+----+-----
Dodging        | 2 |  2.1
Stealth        | |  1.7
Spellcasting   | |  1.7
Summonings     | |  3.8

Action                   || total
-------------------------++-------
Melee: Unarmed           ||    33
Armor: Robe              ||     9
Dodge: Dodged            ||    20

Table legend:
 A = Non-vault XP
 B = Vault XP
 C = Vault XP percentage of total XP
 D = Non-vault monster count
 E = Vault monster count
 F = Vault count percentage of total count
                 A         B        C        D         E       F
            +---------+---------+-------+---------+---------+-------
      Total |      10 |       0 |   0.0 |       5 |       0 |   0.0
            +---------+---------+-------+---------+---------+-------
        D:1 |      10 |       0 |   0.0 |       5 |       0 |   0.0
            +---------+---------+-------+---------+---------+-------
